 Dungeon Crawl Stone Soup version 0.20.0-7-g3b7b877 (webtiles) character file.

3920 mopl the Arsonist (level 10, -9/51 HPs)
             Began as a Deep Elf Fire Elementalist on May 29, 2017.
             Mangled by a slime creature (12 damage)
             ... on level 10 of the Dungeon.
             The game lasted 00:17:40 (6583 turns).

mopl the Arsonist (Deep Elf Fire Elementalist)      Turns: 6583, Time: 00:17:40

Health: -9/51      AC:  4    Str:  5    XL:     10   Next: 1%
Magic:  13/33      EV: 14    Int: 24    God:
Gold:   224        SH:  0    Dex: 20    Spells: 13/26 levels left

rFire    . . .     SeeInvis .   a - staff of conjuration {!a}
rCold    . . .     Gourm    +   (no shield)
rNeg     . . .     Faith    .   H - +0 robe "Kuagem" {*Corrode +Blink MP+9 Dex+5}
rPois    +         Spirit   .   j - +0 helmet
rElec    .         Reflect  .   o - +0 cloak
rCorr    .         Harm     .   (no gloves)
MR       +....                  (no boots)
Stlth    ++........             v - amulet of the gourmand
Regen    0.2/turn               q - ring of poison resistance
MPRegen  0.3/turn               (no ring)

@: no status effects
A: no striking features
a: Evoke Blink


You were on level 10 of the Dungeon.
You were completely stuffed.

You visited 2 branches of the dungeon, and saw 9 of its levels.

You collected 224 gold pieces.

Inventory:

Missiles
 s - 2 throwing nets (quivered)
 E - 8 curare-tipped needles
Armour
 e - a +0 buckler
 j - a +0 helmet (worn)
 o - a +0 cloak (worn)
 x - the +6 leather armour of the Amoeba {*Corrode rPois Regen+ Dex+3, unknown}
   (You found it on level 4 of the Dungeon)

   It affects your dexterity (+3).
   It protects you from poison.
   It increases your rate of regeneration.
   It may corrode you when you take damage.
 y - the +4 leather armour of the Three Allies {Int+5, unknown}
   (You found it on level 4 of the Dungeon)

   It affects your intelligence (+5).
 H - the +0 robe "Kuagem" (worn) {*Corrode +Blink MP+9 Dex+5}
   (You found it on level 7 of the Dungeon)

   It affects your dexterity (+5).
   It affects your magic capacity (+9).
   It lets you blink.
   It may corrode you when you take damage.
Magical Staves
 a - an uncursed staff of conjuration (weapon) {!a}
 G - an uncursed staff of energy {unknown}
Jewellery
 q - a ring of poison resistance (left hand)
 v - an amulet of the gourmand (around neck)
Wands
 F - a wand of disintegration (24/24)
Scrolls
 b - a scroll of recharging
 h - a scroll of fog {unknown}
 m - a scroll of remove curse
 r - a scroll of brand weapon {unknown}
 t - a scroll of noise {unknown}
 u - 2 scrolls of teleportation
 B - a scroll of amnesia
 D - a scroll of magic mapping {unknown}
Potions
 g - a potion of brilliance
 i - 3 potions of curing
 k - a potion of berserk rage {!q}
 n - 3 potions of invisibility {unknown}
 p - 2 potions of heal wounds
 w - a potion of agility
 C - 2 potions of haste
Miscellaneous
 z - a crystal ball of energy
Comestibles
 c - 7 bread rations
 d - 5 royal jellies
 f - a fruit
 l - 4 chunks of flesh
 A - a meat ration


   Skills:
 + Level 0.7 Fighting
 + Level 2.8 Dodging
 - Level 2.4 Stealth
 + Level 8.7 Spellcasting
 * Level 9.5 Conjurations
 * Level 10.3 Fire Magic
 + Level 3.2 Evocations


You had 13 spell levels left.
You knew the following spells:

 Your Spells              Type           Power        Failure   Level  Hunger
a - Flame Tongue          Conj/Fire      #####        1%          1    None
c - Conjure Flame         Conj/Fire      ######..     1%          3    None
d - Sticky Flame          Conj/Fire      ######..     1%          4    ##.....
f - Fireball              Conj/Fire      ######....   2%          5    ####...


Dungeon Overview and Level Annotations

Branches:
Dungeon (7/15)             Temple (1/1) D:5             Orc (0/2) D:10

Altars:
Ashenzari
Cheibriados
Dithmenos
Elyvilon
Fedhas
Hepliaklqana
Kikubaaqudgha
Makhleb
Nemelex Xobeh
Okawaru
Qazlal
Ru
Sif Muna
Trog
Uskayaw
Xom
Yredelemnul
Zin
The Shining One

Portals:
Bailey: D:10


Message History

The orc wizard blinks!
Two slime creatures merge to form a large slime creature.
The slime creature barely misses you. The slime creature hits you!
The orc wizard gestures wildly while chanting.
The orc wizard seems to speed up.
You enter the shallow water.
Moving in this stuff is going to be slow.
The slime creature hits you!
The slime creature quivers.
The slime creature hits you!!
* * * LOW HITPOINT WARNING * * *
Two slime creatures merge to form a very large slime creature.
The slime creature quivers.
Unknown command.
A slime creature suddenly becomes an enormous slime creature.
You hear the creaking of a portcullis.
There is a flagged portal here.
The slime creature hits you!
You die...

# ##########..##.# #
#g..g...#o#
########T###.#.#.##
#........##.T....[##
#.......g##.........#
#.........#.≈≈≈≈§≈≈.....
#...........≈#####≈.....
#.?.......#.o#...#≈)....
#........##.gJJ@.#≈.##..
#.......##..≈#...#≈.# ..
####...##.#.J##### .# #
#......##..≈≈≈≈≈≈
###....g?.#.J....J[
#........##.###....
#.##....###.# .... #.
#.#...%..# ....
...##.##### ..


You could see an enormous slime creature, a slime creature, an orc wizard and a
goblin.

Vanquished Creatures
  Pikel (D:6)
  Joseph (D:7)
  Sigmund (D:6)
  6 yaks (D:10)
  Menkaure (D:7)
  2 orc warriors (D:10)
  2 slaves (D:6)
  2 phantoms
  A swamp drake (D:10)
  A black bear (D:7)
  An ice beast (D:10)
  A necrophage (D:6)
  3 ogres
  A bullfrog (D:6)
  A scorpion (D:4)
  A hound (D:5)
  2 jellies
  A centaur skeleton (D:6)
  3 orc priests
  A bullfrog skeleton (D:10)
  An iguana (D:10)
  Natasha (thrice) (D:4)
  6 orc wizards
  5 worker ants
  A hound zombie (D:7)
  Robin (D:1)
  10 gnolls
  4 adders
  A shadow imp (D:7)
  3 oozes
  3 adder zombies
  4 dart slugs
  7 leopard geckos
  15 orcs
  7 giant cockroaches
  13 goblins
  7 hobgoblins
  2 jackals (D:6)
  10 kobolds
  A quokka (D:4)
  2 ball pythons
  A ball python skeleton (D:2)
  6 bats
  5 frilled lizards
  A giant cockroach zombie (D:2)
  A jackal zombie (D:7)
  A leopard gecko skeleton (D:2)
  7 rats
161 creatures vanquished.

Vanquished Creatures (others)
  An orc warrior (D:10)
  A big kobold (D:10)
  An orc (D:10)
  5 kobolds (D:10)
8 creatures vanquished.

Grand Total: 169 creatures vanquished

Notes
Turn   | Place    | Note
-------+----------+-------------------------------------------
     0 | D:1      | mopl the Deep Elf Fire Elementalist began the quest for the Orb.
     0 | D:1      | Reached XP level 1. HP: 10/10 MP: 6/6
   284 | D:1      | Reached XP level 2. HP: 15/15 MP: 1/8
   717 | D:1      | Reached skill level 4 in Fire Magic
   738 | D:1      | Reached XP level 3. HP: 19/19 MP: 4/9
   743 | D:1      | Learned a level 3 spell: Conjure Flame
   851 | D:1      | Reached skill level 2 in Conjurations
  1130 | D:2      | Noticed Robin
  1268 | D:1      | Killed Robin
  1292 | D:2      | Reached XP level 4. HP: 18/24 MP: 0/11
  1309 | D:2      | Learned a level 4 spell: Sticky Flame
  1476 | D:2      | Reached skill level 4 in Spellcasting
  1510 | D:2      | Found an ancient bone altar of Kikubaaqudgha.
  2046 | D:3      | Reached XP level 5. HP: 12/28 MP: 3/13
  2174 | D:3      | Reached skill level 3 in Conjurations
  2560 | D:3      | Reached skill level 5 in Fire Magic
  2661 | D:3      | Noticed a phantom
  2714 | D:3      | Killed a phantom
  2889 | D:4      | Reached skill level 4 in Conjurations
  2889 | D:4      | Reached XP level 6. HP: 32/32 MP: 9/14
  2900 | D:4      | Learned a level 5 spell: Fireball
  3048 | D:4      | Reached skill level 6 in Fire Magic
  3134 | D:4      | Reached skill level 5 in Spellcasting
  3223 | D:4      | Reached XP level 7. HP: 36/36 MP: 11/16
  3264 | D:4      | Got a spiked leather armour
  3390 | D:4      | Reached skill level 5 in Conjurations
  3439 | D:4      | Got a faintly glowing leather armour
  3447 | D:4      | Noticed Natasha
  3452 | D:4      | Killed Natasha
  3640 | D:4      | Noticed Natasha
  3653 | D:4      | Killed Natasha
  4065 | D:4      | Noticed Natasha
  4069 | D:4      | Killed Natasha
  4083 | D:5      | Entered Level 5 of the Dungeon
  4150 | D:5      | Found a hide-covered altar of Uskayaw.
  4678 | D:5      | Reached skill level 7 in Fire Magic
  4705 | D:5      | Found a hazy altar of Hepliaklqana.
  4705 | D:5      | Found a shattered altar of Ashenzari.
  4711 | D:5      | Found a deep blue altar of Sif Muna.
  4713 | D:5      | Found a basalt altar of Yredelemnul.
  4715 | D:5      | Found a blossoming altar of Fedhas.
  4820 | D:5      | Found a staircase to the Ecumenical Temple.
  4826 | Temple   | Entered the Ecumenical Temple
  5006 | D:6      | Noticed Sigmund
  5134 | D:6      | Killed Sigmund
  5134 | D:6      | Reached skill level 6 in Spellcasting
  5134 | D:6      | Reached skill level 6 in Conjurations
  5134 | D:6      | Reached XP level 8. HP: 37/41 MP: 7/19
  5613 | D:6      | Noticed Pikel
  5652 | D:6      | Killed Pikel
  5652 | D:6      | Reached skill level 7 in Spellcasting
  5652 | D:6      | Reached skill level 7 in Conjurations
  5652 | D:6      | Reached skill level 8 in Fire Magic
  5888 | D:7      | Noticed Menkaure
  5891 | D:7      | Killed Menkaure
  5952 | D:7      | Got a distressingly furry robe
  5963 | D:7      | Identified the +0 robe "Kuagem" {*Corrode +Blink MP+9 Dex+5} (You found it on level 7 of the Dungeon)
  6006 | D:7      | Reached skill level 8 in Conjurations
  6006 | D:7      | Reached skill level 9 in Fire Magic
  6006 | D:7      | Reached XP level 9. HP: 39/45 MP: 17/21
  6034 | D:7      | Noticed Joseph
  6056 | D:7      | Killed Joseph
  6056 | D:7      | Reached skill level 1 in Evocations
  6281 | D:7      | You fall through a shaft for 3 floors!
  6281 | D:10     | Entered Level 10 of the Dungeon
  6284 | D:10     | Found a staircase to the Orcish Mines.
  6312 | D:10     | Reached skill level 2 in Evocations
  6313 | D:10     | Reached skill level 8 in Spellcasting
  6315 | D:10     | Reached skill level 9 in Conjurations
  6318 | D:10     | Reached skill level 10 in Fire Magic
  6320 | D:10     | Reached skill level 3 in Evocations
  6477 | D:10     | Noticed a troll
  6512 | D:10     | Found a flagged portal.
  6533 | D:10     | Reached XP level 10. HP: 45/51 MP: 10/24
  6583 | D:10     | Mangled by a slime creature

Skill      XL: |  1  2  3  4  5  6  7  8  9 |
---------------+----------------------------+-----
Fire Magic     | 4 5 6 7 9 10 | 10.3
Conjurations   | 2 4 6 8 9 |  9.5
Spellcasting   | 4 5 6 7 8 |  8.7
Evocations     | 3 |  3.2
Fighting       | |  0.7
Dodging        | |  2.8
Stealth        | |  2.4

Action                   |  1- 3 |  4- 6 |  7- 9 | 10-12 || total
-------------------------+-------+-------+-------+-------++-------
Melee: Unarmed           |     4 |       |       |       ||     4
 Cast: Flame Tongue      |    76 |    85 |    80 |     2 ||   243
       Conjure Flame     |       |     2 |    17 |     1 ||    20
       Sticky Flame      |       |     6 |    21 |     1 ||    28
       Fireball          |       |       |    11 |       ||    11
  Use: Scroll            |       |       |     9 |       ||     9
       Potion            |       |       |     1 |       ||     1
  Eat: Chunk             |     1 |    17 |    20 |       ||    38
Armor: Robe              |     5 |     6 |     7 |       ||    18
Dodge: Dodged            |    25 |    19 |    44 |     6 ||    94
